 Dungeon Crawl Stone Soup version 0.28-a0-1087-gf3fc490d9d (webtiles) character file.

Game seed: 11034622634644867446

16 spaghetti the Ruffian (level 2, 0/28 HPs)
             Began as a Naga Chaos Knight on Dec 10, 2021.
             Was a Plaything of Xom.
             Slain by an ufetubus (1 damage)
             ... summoned by Xom
             ... on level 1 of the Dungeon.
             The game lasted 00:01:30 (841 turns).

spaghetti the Ruffian (Naga Chaos Knight)            Turns: 841, Time: 00:01:31

Health: 0/28       AC:  6    Str: 12 (14) XL:     2   Next: 54%
Magic:  2/2        EV:  0    Int: 11 (12) God:    Xom [...*..]
Gold:   16         SH:  0    Dex:  7 (10) Spells: 1/1 levels left

rFire   . . .      SeeInvis +     - Unarmed
rCold   . . .      Faith    .   (no shield)
rNeg    . . .      Spirit   .   f - +0 plate armour
rPois   +          Reflect  .   (no helmet)
rElec   .          Harm     .   (no cloak)
rCorr   .          Rampage  .   (no gloves)
Will    .....                   (no barding)
Stlth   ..........              (no amulet)
HPRegen 0.09/turn               (no ring)
MPRegen 0.08/turn               (no ring)

@: short of breath, very slow
A: AC +0, large, see invisible, deformed body, poison resistance, slowness 2,
spit poison 1, naga tail 1
a: Spit Poison, Renounce Religion


You were on level 1 of the Dungeon.
You worshipped Xom.
You were a favourite toy of Xom.
You visited 1 branch of the dungeon, and saw 1 of its levels.

You collected 16 gold pieces.


Innate Abilities, Weirdness & Mutations

Your serpentine skin is tough. (AC +0)
You have supernaturally acute eyesight. (SInv)
Armour fits poorly on your strangely shaped body.
Your system is resistant to poisons. (rPois)
You cover ground very slowly.
You can spit poison.
You have a snake-like lower body.


   Skills:
 - Level 3.0 Fighting
 + Level 1.7 Armour
 - Level 0.7 Dodging
 + Level 3.7 Unarmed Combat


You had one spell level left.
You didn't know any spells.
Your spell library was empty.

Inventory:

Missiles
 e - 25 stones {throwing}
Armour
 a - a +3 leather armour
 f - a +0 plate armour (worn)
   (You found it on level 1 of the Dungeon)
Scrolls
 b - a scroll of fog
 c - a scroll of identify {@r1}
 g - 2 scrolls of enchant armour

Dungeon Overview and Level Annotations

Branches:
Dungeon (1/15)

Altars:

######....##.#.#
#.##...## ##.#.##.#.#
#.######
######....####+## #.#
.......######...## #.#
#####.## ##.....## #.#
#.#####.8...8.#######.#
#...##.#.....#.##.....#
#####...8...8...#.#####
#.'.....).@5..'.#
#.#...8...8...###
#######.##.#.....#.##
.........##.8..)8.##
....###...##....รท##
...........##...##
....####.#..##+## ).#.#
#.##....# .##.#
#.##.####


You could see an ufetubus (summoned).


Message History

You are too injured to fight recklessly!
You are too injured to fight recklessly!
You are too injured to fight recklessly!
You are too injured to fight recklessly!
You are too injured to fight recklessly!
You are too injured to fight recklessly!
You are too injured to fight recklessly!
You are too injured to fight recklessly!
You are too injured to fight recklessly!
You are too injured to fight recklessly!
You are too injured to fight recklessly!
You are too injured to fight recklessly!
You are too injured to fight recklessly!
You are too injured to fight recklessly!
You are too injured to fight recklessly!
You are too injured to fight recklessly!
You miss the ufetubus.
The ufetubus hits you but does no damage. x2
It was a potion of degeneration.
There was something very wrong with that liquid.
You feel weakened.
You feel dopey.
You feel clumsy.
Xom thinks this is hilarious!
The ufetubus hits you. x2 ๐Ÿ˜ฎ HP[-4]
You take 4 damage, and now have 15/28 hp.
You miss the ufetubus.
The ufetubus hits you but does no damage. x4
You barely miss the ufetubus. The ufetubus hits you.
* * * LOW HITPOINT WARNING * * *
The ufetubus hits you but does no damage. ๐Ÿ˜จ HP[-1]
You take 1 damage, and now have 14/28 hp.
Unknown command.
The ufetubus hits you but does no damage. x2 ๐Ÿ˜ฎ HP[+1]
The ufetubus hits you.
* * * LOW HITPOINT WARNING * * *
The ufetubus hits you but does no damage. ๐Ÿ˜จ HP[-1]
You take 1 damage, and now have 14/28 hp.
The ufetubus hits you.
* * * LOW HITPOINT WARNING * * *
The ufetubus hits you.
* * * LOW HITPOINT WARNING * * *
๐Ÿ˜จ HP[-4]
You take 4 damage, and now have 10/28 hp.
The ufetubus hits you.
* * * LOW HITPOINT WARNING * * *
The ufetubus hits you but does no damage. ๐Ÿ˜จ HP[-2]
You take 2 damage, and now have 8/28 hp.
You aren't carrying any items that you can evoke.
You aren't carrying any potions.
As you read the scroll labelled JUREFIUNTAK, it crumbles to dust.
It is a scroll of enchant armour.
Your +2 leather armour glows green for a moment.
The ufetubus hits you but does no damage. x2
The ufetubus hits you.
* * * LOW HITPOINT WARNING * * *
The ufetubus hits you but does no damage. ๐Ÿ˜ฑ HP[-2]
You take 2 damage, and now have 6/28 hp.
As you read the scroll labelled YNEXUI QAGGIN, it crumbles to dust.
It is a scroll of identify.
b - a scroll of fog The ufetubus hits you but does no damage. x2
You aren't carrying any potions.
Okay, then.
Aiming: Spit Poison (2% risk of failure)
Press: ? - help, Shift-Dir - straight line, f - ufetubus
Aim: an ufetubus (summoned)
The splash of poison misses the ufetubus.
The ufetubus hits you but does no damage.
The ufetubus hits you.
* * * LOW HITPOINT WARNING * * *
The ufetubus hits you but does no damage. x2 ๐Ÿ˜ฑ HP[-1]
You take 1 damage, and now have 5/28 hp.
Unknown command.
Unknown command.
You barely miss the ufetubus. Your punch misses the ufetubus.
The ufetubus hits you but does no damage.
The ufetubus hits you.
* * * LOW HITPOINT WARNING * * *
๐Ÿ˜ฑ HP[-2]
You take 2 damage, and now have 3/28 hp.
You barely miss the ufetubus.
The ufetubus hits you but does no damage. x4
You closely miss the ufetubus. The ufetubus hits you.
* * * LOW HITPOINT WARNING * * *
The ufetubus hits you.
* * * LOW HITPOINT WARNING * * *
๐Ÿ˜ฑ HP[-2]
You take 2 damage, and now have 1/28 hp.
You hit the ufetubus.
The ufetubus hits you but does no damage. x2
Your plate armour prevents you from hitting the ufetubus.
The ufetubus hits you.
You die...
Xom yawns loudly!

Action                   || total
-------------------------++-------
Melee: Unarmed           ||    52
 Abil: Spit Poison       ||     3
  Use: Scroll            ||     2
       Potion            ||     1
Armor: Leather armour    ||     3
       Plate armour      ||    63
Dodge: Dodged            ||     8

Levels and vault maps discovered:
D:1:      noname_arrival_rooms_in_the_neighbourhood, layout_loops_ring,
          basic_ecumenical_altar, dk_noncrumbling_3, minmay_misc_feat_plants

Notes
Turn   | Place    | Note
-------+----------+-------------------------------------------
     0 | D:1      | spaghetti the Naga Chaos Knight began the quest for the
                  | Orb.
     0 | D:1      | Reached XP level 1. HP: 21/21 MP: 1/1
     0 | D:1      | magus.rc [v1.9.6]
   236 | D:1      | XOM: potion effect (curing)
   245 | D:1      | Reached XP level 2. HP: 23/28 MP: 2/2
   519 | D:1      | XOM: scenery: summon butterflies
   526 | D:1      | Found a faded altar of an unknown god.
   704 | D:1      | XOM: scenery: 2 doors open, 1 doors close
   818 | D:1      | XOM: summons 1 hostile demon
   834 | D:1      | HP: 6/28 [ufetubus[Xom] (2)]
   839 | D:1      | HP: 2/28 [ufetubus[Xom] (2)]
   841 | D:1      | Slain by an ufetubus

Vanquished Creatures
  A bat (D:1)
  4 endoplasms (D:1)
  2 goblins (D:1)
  4 kobolds (D:1)
  A quokka (D:1)
  A ball python (D:1)
  A frilled lizard (D:1)
  A rat (D:1)
15 creatures vanquished.

Table legend:
 A = Non-vault XP
 B = Vault XP
 C = Vault XP percentage of total XP
 D = Non-vault monster count
 E = Vault monster count
 F = Vault count percentage of total count
                 A         B        C        D         E       F
            +---------+---------+-------+---------+---------+-------
      Total |      23 |       0 |   0.0 |      15 |       0 |   0.0
            +---------+---------+-------+---------+---------+-------
        D:1 |      23 |       0 |   0.0 |      15 |       0 |   0.0
            +---------+---------+-------+---------+---------+-------

Illustrated notes

Table legend:
 A = Kills in this place as a percentage of kills in entire the game.
 B = Kills by you in this place as a percentage of kills by you in the entire game.
 C = Kills by friends in this place as a percentage of kills by friends in the entire game.
 D = Other kills in this place as a percentage of other kills in the entire game.
 E = Experience gained in this place as a percentage of experience gained in the entire game.
 F = Experience gained in this place divided by the number of levels of this place that you have seen.
                   A       B       C       D       E      F
               +-------+-------+-------+-------+-------+----------------------
         Total | 100.0 | 100.0 |   N/A |   N/A | 100.0 |  23.0
       Dungeon | 100.0 | 100.0 |   N/A |   N/A | 100.0 |  23.0
               +-------+-------+-------+-------+-------+----------------------

Table legend: (Time is in decaauts)
 A = Elapsed time spent in this place.
 B = Non-inter-level travel time spent in this place.
 C = Inter-level travel time spent in this place.
 D = Time resting spent in this place.
 E = Time spent auto-exploring this place.
 F = Levels seen in this place.
 G = Mean time per level.
                   A        B        C        D        E       F      G
               +--------+--------+--------+--------+--------+-----+--------+
         Total |   1029 |   1010 |     19 |    135 |    732 |   1 | 1029.0 |
       Dungeon |   1029 |   1010 |     19 |    135 |    732 |   1 | 1029.0 |
               +--------+--------+--------+--------+--------+-----+--------+

Top non-repeatable levels by time:
     D:1: 1029 daAuts
